 Dungeon Crawl Stone Soup version 0.19-a0-733-geeb8733 (webtiles) character file.

333990 Etesian the Warrior (level 20, -4/195 HPs)
             Began as a Centaur Fighter on June 22, 2016.
             Was the Champion of Okawaru.
             Killed from afar by a deep elf sorcerer (31 damage)
             ... with damnation
             ... on level 2 of the Elven Halls.
             The game lasted 02:24:39 (56265 turns).

Etesian the Warrior (Centaur Fighter)              Turns: 56265, Time: 02:24:39

Health: -4/195     AC: 37    Str: 21    XL:     20   Next: 93%
Magic:  26/26      EV:  9    Int: 10    God:    Okawaru [******]
Gold:   2441       SH: 27    Dex: 25    Spells: 4 memorised, 11 levels left

rFire  + . .     SeeInvis +     y - +9 trident of the Other Side {holy, *Corrode +Inv rElec rPois}
rCold  + . .     Gourm    .     N - +10 plate armour of Darkness {*Contam rF+ rCorr SInv}
rNeg   . . .     Faith    .     c - +0 large shield
rPois  +         Spirit   .     b - +1 hat {SInv}
rElec  +         Dismiss  .     S - +3 cloak "Tuemosk" {rC+ Dex+3}
rCorr  +         Reflect  +     r - +2 pair of fencer's gloves {LBl+4 SBl+4 EV+3 Dex+6}
SustAt .         Harm     .     Q - +2 centaur barding of Yntuupn {MR+}
MR     ++++.                    W - +4 amulet of reflection
Stlth  ..........               G - ring of the Mage {Wiz MR++ Int+3}
                                L - +2 ring of slaying

@: heroism, corroded, drained, very quick, incredibly resistant to hostile
enchantments, extremely unstealthy
A: hooves 3, deformed body, speed 2, tough skin 3
a: Heroism, Finesse, Renounce Religion, Evoke Invisibility
}: 2/15 runes: decaying, serpentine


You were on level 2 of the Elven Halls.
You worshipped Okawaru.
Okawaru was exalted by your worship.
You were hungry.

You visited 7 branches of the dungeon, and saw 37 of its levels.
You also visited: Labyrinth, Sewer, Ossuary and Bailey.

You collected 4103 gold pieces.
You spent 1662 gold pieces at shops.

Inventory:

Hand Weapons
 a - a +3 demon trident of piercing
 s - the +5 trident of Conscience {holy, rF+ MP-9 Str+5}
   (Okawaru gifted it to you on level 4 of the Vaults)

   It has been blessed by the Shining One to cause great damage to the undead
   and demons.
   It affects your strength (+5).
   It protects you from fire.
   It affects your magic capacity (-9).
 y - the +9 trident of the Other Side (weapon) {holy, *Corrode +Inv rElec rPois}
   (Okawaru gifted it to you on level 4 of the Snake Pit)

   It has been blessed by the Shining One to cause great damage to the undead
   and demons.
   It insulates you from electricity.
   It protects you from poison.
   It lets you turn invisible.
   It may corrode you when you take damage.
Armour
 b - a +1 hat of see invisible (worn)
 c - a +0 large shield (worn)
 r - the +2 pair of fencer's gloves (worn) {LBl+4 SBl+4 EV+3 Dex+6}
   (You acquired it on level 2 of the Swamp)

   It affects your evasion (+3).
   It affects your dexterity (+6).
 N - the +10 plate armour of Darkness (worn) {*Contam rF+ rCorr SInv}
   (Okawaru gifted it to you on level 2 of the Vaults)

   It protects you from fire.
   It lets you see invisible.
   It causes magical contamination when unequipped.
   It protects you from acid and corrosion.
 Q - the +2 centaur barding of Yntuupn (worn) {MR+}
   (Okawaru gifted it to you on level 3 of the Lair of Beasts)

   It affects your resistance to hostile enchantments.
 S - the +3 cloak "Tuemosk" (worn) {rC+ Dex+3}
   (Okawaru gifted it to you on level 2 of the Swamp)

   It affects your dexterity (+3).
   It protects you from cold.
 X - the +2 chain mail of Sloth {MR+ Regen+ SInv}
   (You bought it in a shop on level 2 of the Orcish Mines)

   It affects your resistance to hostile enchantments.
   It lets you see invisible.
   It increases your rate of regeneration.
Jewellery
 G - the ring of the Mage (right hand) {Wiz MR++ Int+3}
   (You took it off a minotaur in a labyrinth)

   [ring of wizardry]

   It improves your spell success rate.
   It affects your intelligence (+3).
   It affects your resistance to hostile enchantments.
 I - an uncursed ring of ice
 L - a +2 ring of slaying (left hand)
 M - an uncursed ring of ice
 W - a +4 amulet of reflection (around neck)
Wands
 i - a wand of teleportation (3/9)
 j - a wand of hasting (7/9)
 l - a wand of teleportation (4/9)
 K - a wand of disintegration (8/24)
 Z - a wand of hasting (3/9)
Scrolls
 n - 5 scrolls of enchant armour
 t - 6 scrolls of blinking
 x - 10 scrolls of recharging
 A - 3 scrolls of enchant weapon
 B - 12 scrolls of identify
 C - 16 scrolls of remove curse
 D - 9 scrolls of teleportation
 J - 6 scrolls of fog
 P - 3 scrolls of silence
 U - a scroll of magic mapping
 Y - 2 scrolls of fear
Potions
 d - 8 potions of might
 f - 3 potions of flight
 g - 6 potions of haste
 k - 16 potions of curing
 o - 3 potions of cancellation
 q - 5 potions of agility
 u - 2 potions of invisibility
 v - 6 potions of heal wounds
 w - 3 potions of berserk rage
 z - 2 potions of resistance
 F - a potion of ambrosia
 R - 7 potions of brilliance
 T - 2 potions of cure mutation
Miscellaneous
 H - 2 phantom mirrors
Comestibles
 e - 6 chunks of flesh
 h - 14 meat rations
 m - 9 beef jerkies
 p - 27 fruits
 E - 6 slices of pizza
 O - 12 bread rations
 V - 16 royal jellies


   Skills:
 * Level 20.6(24.6) Fighting
 - Level 16.0(20.1) Polearms
 + Level 14.1(18.2) Armour
 - Level 15.6(19.7) Shields
 - Level 9.0(8.3) Invocations


You had 11 spell levels left.
You knew the following spells:

 Your Spells              Type           Power        Failure   Level  Hunger
a - Apportation           Tloc           #.........   94%         1    ##.....
b - Swiftness             Chrm/Air       #.......     98%         2    ###....
c - Regeneration          Chrm/Necr      #.........   100%        3    ####...
d - Shroud of Golubria    Chrm/Tloc      #.........   98%         2    ###....


Dungeon Overview and Level Annotations

Branches:
Dungeon (15/15)            Temple (0/1) D:6            Lair (6/6) D:8
  Swamp (4/4) Lair:3        Snake (4/4) Lair:4        Slime (0/5) Lair:6
    Orc (2/2) D:10            Elf (2/3) Orc:2        Vaults (4/5) D:14
  Crypt (0/3) Vaults:2     Depths (0/5) D:15

Altars:
Ashenzari
Dithmenos
Fedhas
Gozag
Kikubaaqudgha
Makhleb
Okawaru
Pakellas
Trog
Xom
Yredelemnul
Zin

Shops:
D:9 [   D:14 *[[   Orc:2 *(=[   Snake:1 =

Annotations:
D:8 exclusion: door


Innate Abilities, Weirdness & Mutations

You have hooves in place of feet.
Armour fits poorly on your strangely shaped body.
You cover ground very quickly.
You have extremely tough skin. (AC +3)


Message History

* * * LOW HITPOINT WARNING * * *
You take 6 damage, and have 53/195 hp.
You now have 24/26 mp.
There is an open door here.
Things that are here:
a glaive of chopping; a dire flail of protection; a short sword of draining The deep elf sorcerer closely misses you.
Things that are here:
a glaive of chopping; a dire flail of protection; a short sword of draining
There is an open door here.
MP restored: 26 The deep elf sorcerer wildly gestures.
You feel disoriented.
The deep elf sorcerer points at you and mumbles some strange words.
The sphere of damnation explodes!
The damnation engulfs you!
* * * LOW HITPOINT WARNING * * *
The deep elf sorcerer howls an incantation.
You feel troubled.
The deep elf sorcerer gestures at you while chanting.
The sphere of damnation explodes!
The damnation engulfs you!
You die...

####...........#
...+...........#
####...........#
#.>.........#
##.........##
##)E....ee##
##'#.....##.##
##.####'#####.## ##.##
#.# ##@## ##E## #.#
##.## #.## #.# ##.## e##
#.# ##.####### .#
####'#### ##'##...### .#
##......# ##<......# ##
#.#.....# #.......# #
#..#....########)......#
#
#...#...'.....)))......#


You could see a deep elf sorcerer and a deep elf knight.

Vanquished Creatures
  2 bone dragons
  The ghost of MrRokkomies the Fetichist, an adept KoHu of Fedhas (Vaults:3)
  The ghost of Arkorax the Warrior, an adept MiGl of Hepliaklqana (Vaults:3)
  A tentacled monstrosity (Swamp:3)
  Asterion (Elf:1)
  A sphinx (Elf:1)
  An eldritch tentacle (Elf:1)
  Frances (D:14)
  A shadow dragon (Vaults:4)
  3 thorn hunters
  10 greater nagas
  An iron dragon (Elf:1)
  2 fire giants (Vaults:4)
  A frost giant (Vaults:4)
  5 deep elf sorcerers
  An orc warlord (D:10)
  6 vault wardens
  8 ironheart preservers
  The ghost of Beholder179 the Carver, a journeyman DgWn (Orc:1)
  4 very ugly things (Vaults:4)
  4 stone giants
  2 deep elf demonologists (Vaults:2)
  3 deep elf annihilators
  An eidolon (Elf:1)
  An ettin (Vaults:4)
  4 deep elf death magi
  A minotaur (Lab)
  7 great orbs of eyes
  5 yaktaur captains
  A vault guard (Vaults:4)
  10 hydras
  2 rakshasas
  2 ice dragons
  19 naga warriors
  10 centaur warriors
  8 catoblepae
  3 ghost crabs
  A death knight (D:15)
  9 anacondas
  A queen ant (Lair:3)
  7 ogre magi
  8 alligators
  11 naga sharpshooters
  18 death yaks
  2 orc high priests
  7 dancing weapons
  6 shock serpents
  A small abomination (Vaults:2)
  18 deep elf knights
  2 fire crabs
  3 salamander mystics
  A titan skeleton (Vaults:4)
  A shadow wraith (Vaults:4)
  3 skeletal warriors (D:12)
  A deep troll (Vaults:4)
  6 unseen horrors
  A death drake (Swamp:4)
  A giant orange brain (Elf:1)
  A spriggan druid (Swamp:4)
  3 swamp dragons
  A flayed ghost (Vaults:2)
  5 naga ritualists
  A spectral hydra (Swamp:4)
  3 phantasmal warriors
  12 deep elf archers
  58 deep elf magi
  A tengu skeleton (Vaults:4)
  A harpy (Vaults:1)
  Pikel (D:3)
  10 ironbrand convokers
  2 shambling mangroves
  3 mana vipers
  4 necromancers
  A sphinx zombie (Vaults:3)
  4 wolf spiders
  6 hill giants
  7 orc sorcerers
  3 hornets
  2 stone giant zombies
  15 orc knights
  4 griffons
  3 cyclopes
  31 ugly things
  2 worldbinders (Elf:1)
  A manticore (D:13)
  4 human zombies (Vaults:4)
  10 salamanders
  17 elephants
  12 vault sentinels
  An octopode (shapeshifter) (Vaults:2)
  17 naga magi
  20 black mambas
  3 centaur zombies
  5 guardian serpents
  A gargoyle (D:15)
  A spiny frog (shapeshifter) (Vaults:1)
  A torpor snail (Lair:6)
  6 swamp worm zombies (Swamp:4)
  17 spiny frogs
  5 kobold demonologists
  A rime drake (Lair:4)
  A yaktaur zombie (Vaults:4)
  24 yaktaurs
  3 komodo dragons
  5 freezing wraiths
  A tengu conjurer (D:15)
  A yaktaur skeleton (Vaults:4)
  A queen bee (shapeshifter) (Vaults:2)
  A queen bee (D:13)
  A jumping spider (Elf:1)
  3 meliai (D:13)
  3 polar bears
  4 hydra zombies (Swamp:4)
  2 giant leeches
  15 two-headed ogres
  A troll (shapeshifter) (Vaults:3)
  16 trolls
  A sphinx simulacrum (Vaults:4)
  Grinder (D:3)
  A jumping spider (shapeshifter) (Vaults:3)
  31 slime creatures
  26 blink frogs
  5 boulder beetles
  3 spectral swamp dragons (Swamp:4)
  8 bog bodies
  A stone giant simulacrum (Vaults:4)
  A blink frog (shapeshifter) (Vaults:4)
  2 ettin skeletons (Vaults:4)
  4 redbacks (Vaults:4)
  3 alligator zombies (Swamp:4)
  2 air elementals (Elf:1)
  A wraith (D:15)
  4 spriggans
  2 shadows
  56 yaks
  5 wyverns
  A wyvern (shapeshifter) (D:15)
  A fire elemental (Elf:2)
  10 hippogriffs
  2 golden eyes (Elf:1)
  8 basilisks
  7 hungry ghosts
  2 humans (shapeshifter)
  24 vampire mosquitoes
  9 wargs
  Menkaure (D:7)
  2 spatial vortices (Elf:1)
  Edmund (D:4)
  21 insubstantial wisps
  56 nagas
  9 water moccasins
  15 swamp worms
  10 porcupines
  7 soldier ants (Lair:3)
  3 ice beasts
  50 orc warriors
  2 swamp drakes
  Purgy (Sewer)
  2 black bears
  11 wasps
  3 sky beasts
  4 slaves
  28 ogres
  2 eyes of draining
  8 phantoms
  11 centaurs
  3 swamp dragon zombies (Swamp:4)
  An elf zombie (Vaults:3)
  15 wolves
  2 boggarts (Elf:1)
  21 crocodiles
  7 big kobolds
  2 human skeletons (Vaults:3)
  16 giant frogs
  5 earth elementals
  An ogre simulacrum (Vaults:1)
  A glowing shapeshifter simulacrum (Vaults:2)
  A scorpion (D:8)
  A wyvern skeleton (D:9)
  An elf simulacrum (Vaults:2)
  A water moccasin skeleton (D:3)
  2 human simulacra
  31 killer bees
  2 electric eels
  9 wights
  3 howler monkeys
  7 crimson imps
  2 giant frog zombies
  A quasit (D:11)
  A giant frog skeleton (D:11)
  6 hounds
  16 orc wizards
  4 centaur skeletons
  A gnoll shaman (D:5)
  15 orc priests
  5 jellies
  18 iguanas
  Terence (D:2)
  6 hell rats
  35 worker ants
  A killer bee zombie (D:9)
  13 sheep
  A hound skeleton (D:8)
  13 mummies (Ossuary)
  A howler monkey zombie (D:9)
  A worker ant zombie (D:10)
  22 gnolls
  10 adders
  A howler monkey skeleton (D:8)
  62 river rats
  3 swamp drake zombies (Swamp:4)
  7 shadow imps
  6 oozes
  An adder zombie (D:5)
  2 adder skeletons
  A worm (D:5)
  2 dart slugs
  7 giant geckos
  86 orcs
  11 bats
  7 giant cockroaches
  6 goblins
  20 hobgoblins
  9 jackals
  30 kobolds
  4 quokkas
  2 ball pythons
  A ball python zombie (D:6)
  A giant gecko skeleton (D:6)
  5 giant newts
  3 gnoll skeletons (Ossuary)
  A goblin skeleton (Ossuary)
  2 kobold skeletons (Ossuary)
  2 orc skeletons (Ossuary)
  A quokka skeleton (D:6)
  4 rats
  11 rat skeletons (Ossuary)
  A briar patch (Swamp:3)
  2 fungi (D:1)
1705 creatures vanquished.

Vanquished Creatures (others)
  A yaktaur captain (Vaults:1)
  A centaur warrior (D:13)
  An alligator (Swamp:4)
  2 naga sharpshooters
  A hill giant (D:15)
  4 deep elf archers
  An orc knight (Vaults:3)
  A deep elf mage (Elf:1)
  A salamander (Snake:2)
  6 cyclopes
  8 yaktaurs
  A giant leech (Swamp:4)
  2 yaks (Lair:6)
  A basilisk (Elf:1)
  A naga (Snake:2)
  7 centaurs
  A centaur zombie (D:11)
  An orc wizard (Vaults:4)
  2 orcs
  2 hobgoblins (Bailey)
  66 eldritch tentacle segments (Elf:1)
  11 fungi
  A plant (Lair:6)
123 creatures vanquished.

Grand Total: 1828 creatures vanquished

Notes
Turn   | Place    | Note
--------------------------------------------------------------
     0 | D:1      | Etesian the Centaur Fighter began the quest for the Orb.
     0 | D:1      | Reached XP level 1. HP: 19/19 MP: 1/1
   313 | D:1      | Reached XP level 2. HP: 18/26 MP: 2/2
  1041 | D:2      | Reached XP level 3. HP: 31/31 MP: 3/3
  1375 | D:2      | Noticed Terence
  1394 | D:2      | Reached XP level 4. HP: 12/38 MP: 4/4
  1863 | D:2      | Killed Terence
  2220 | D:3      | Reached XP level 5. HP: 35/45 MP: 5/5
  2297 | D:3      | Found a basalt altar of Yredelemnul.
  2589 | D:3      | Found a bloodstained altar of Trog.
  2646 | D:3      | Noticed Grinder
  2652 | D:3      | Paralysed by Grinder for 6 turns
  2701 | D:3      | Paralysed by Grinder for 6 turns
  2925 | D:3      | Paralysed by Grinder for 6 turns
  2964 | D:3      | Paralysed by Grinder for 3 turns
  2979 | D:3      | Paralysed by Grinder for 5 turns
  3021 | D:3      | Killed Grinder
  3021 | D:3      | Reached skill level 4 in Fighting
  3021 | D:3      | Reached XP level 6. HP: 15/52 MP: 6/6
  3522 | D:4      | Reached XP level 7. HP: 54/59 MP: 7/7
  3547 | D:4      | Found a sand-covered staircase.
  3560 | Ossuary  | Entered an ossuary
  3922 | Ossuary  | Reached skill level 5 in Polearms
  4466 | D:4      | Noticed Edmund
  4694 | D:4      | Noticed Pikel
  4719 | D:3      | Killed Pikel
  4719 | D:3      | Reached skill level 5 in Fighting
  4719 | D:3      | Reached XP level 8. HP: 54/68 MP: 8/8
  5430 | D:4      | Killed Edmund
  5513 | D:5      | Entered Level 5 of the Dungeon
  5592 | D:5      | Found a glowing drain.
  5601 | Sewer    | Entered a sewer
  5637 | Sewer    | Noticed Purgy
  5662 | Sewer    | Killed Purgy
  5769 | D:5      | Found an iron altar of Okawaru.
  5776 | D:5      | Became a worshipper of Warmaster Okawaru
  5850 | D:5      | Found a burning altar of Makhleb.
  5855 | D:5      | Found a shimmering altar of Xom.
  6759 | D:6      | Reached XP level 9. HP: 72/75 MP: 9/9
  6784 | D:6      | Reached * piety under Okawaru
  6798 | D:6      | Reached skill level 6 in Fighting
  7092 | D:6      | Found a shattered altar of Ashenzari.
  7343 | D:6      | Reached skill level 5 in Armour
  7461 | D:6      | Found a staircase to the Ecumenical Temple.
  7643 | D:7      | Reached skill level 5 in Shields
  7652 | D:7      | Noticed Menkaure
  7834 | D:6      | Reached ** piety under Okawaru
  7844 | D:7      | Noticed a purple ugly thing
  8405 | D:6      | Killed a purple ugly thing
  8432 | D:7      | Killed Menkaure
  8814 | D:7      | Found an opulent altar of Gozag.
  8857 | D:7      | Found a shattered altar of Ashenzari.
  9295 | D:7      | Reached XP level 10. HP: 84/84 MP: 10/10
  9848 | D:8      | Reached skill level 7 in Fighting
 10123 | D:8      | Found a staircase to the Lair.
 10131 | D:8      | Learned a level 3 spell: Regeneration
 10294 | D:8      | Reached *** piety under Okawaru
 10335 | D:8      | Found an ancient bone altar of Kikubaaqudgha.
 10375 | D:8      | Noticed a hill giant
 10392 | D:8      | Killed a hill giant
 10547 | D:8      | Paralysed by a wasp for 1 turns
 11380 | D:8      | Noticed a three-headed hydra
 11398 | D:8      | Killed a one-headed hydra
 11539 | D:8      | Reached **** piety under Okawaru
 12491 | D:9      | Reached skill level 8 in Fighting
 12503 | D:9      | Found Tofuku's Armour Shoppe.
 12540 | D:9      | Bought a +3 plate armour of fire resistance for 585 gold pieces
 12664 | D:9      | Reached skill level 10 in Polearms
 12778 | D:9      | Noticed a hill giant
 12802 | D:9      | Killed a hill giant
 12802 | D:9      | Reached XP level 11. HP: 32/94 MP: 11/11
 13128 | Lair:1   | Entered Level 1 of the Lair of Beasts
 13132 | Lair:1   | Found a labyrinth entrance.
 13148 | Lab      | Entered a labyrinth
 13411 | Lab      | Noticed a minotaur
 13432 | Lab      | Killed a minotaur
 13631 | Lab      | Identified a +3 rod of shadows (10/10) (You found it in a labyrinth)
 13735 | Lair:1   | Reached ***** piety under Okawaru
 14208 | Lair:1   | Reached skill level 1 in Invocations
 15392 | Lair:1   | Received a gift from Okawaru
 15896 | Lair:2   | Reached skill level 9 in Fighting
 16188 | Lair:2   | Reached XP level 12. HP: 74/104 MP: 11/14
 16613 | Lair:3   | Found a staircase to the Swamp.
 17200 | Lair:3   | Received a gift from Okawaru
 17201 | Lair:3   | Got a fine centaur barding {god gift}
 17247 | Lair:2   | Identified the +2 centaur barding of Yntuupn {MR+} (Okawaru gifted it to you on level 3 of the Lair of Beasts)
 17483 | Lair:3   | Identified a scroll of acquirement
 18261 | Lair:3   | Noticed a queen ant
 18300 | Lair:3   | Reached skill level 5 in Invocations
 18318 | Lair:3   | Killed a queen ant
 19553 | Lair:4   | Learned a level 2 spell: Swiftness
 19565 | Lair:4   | Found a staircase to the Snake Pit.
 19689 | Lair:4   | Noticed a death yak
 19689 | Lair:4   | Noticed a catoblepas
 19689 | Lair:4   | Noticed a death yak
 19755 | Lair:4   | Killed a catoblepas
 19791 | Lair:3   | Killed a death yak
 19943 | Lair:4   | Killed a death yak
 19943 | Lair:4   | Received a gift from Okawaru
 19948 | Lair:4   | Got a crude flail {god gift}
 19949 | Lair:4   | Identified the +1 flail of a bailey {crush, *Corrode rElec rC+ Int+3} (Okawaru gifted it to you on level 4 of the Lair of Beasts)
 20196 | Lair:4   | Reached skill level 10 in Fighting
 20269 | Lair:4   | Reached XP level 13. HP: 64/113 MP: 17/17
 20866 | Lair:4   | Reached ****** piety under Okawaru
 21237 | Lair:5   | Received a gift from Okawaru
 21602 | Lair:5   | Got a faintly glowing morningstar
 21603 | Lair:5   | Identified the +2 morningstar of Annihilation {crush, Str+3 Int+4} (You found it on level 5 of the Lair of Beasts)
 22042 | Lair:6   | Entered Level 6 of the Lair of Beasts
 22397 | Lair:6   | Found a staircase to the Slime Pits.
 22762 | Lair:6   | Reached skill level 10 in Shields
 22787 | Lair:6   | Received a gift from Okawaru
 24051 | Lair:6   | Reached XP level 14. HP: 101/122 MP: 19/19
 24251 | Lair:6   | Reached skill level 11 in Fighting
 24713 | Lair:6   | Received a gift from Okawaru
 24714 | Lair:6   | Got a distressingly furry scale mail {god gift}
 25233 | D:10     | Entered Level 10 of the Dungeon
 25402 | D:10     | Identified the +5 scale mail of Gravitas {+Fly Str+4} (Okawaru gifted it to you on level 6 of the Lair of Beasts)
 25621 | D:10     | Found a blossoming altar of Fedhas.
 25819 | D:10     | Found a staircase to the Orcish Mines.
 25864 | Orc:1    | Entered Level 1 of the Orcish Mines
 25864 | Orc:1    | Noticed Beholder179's ghost (journeyman DgWn)
 26495 | Orc:1    | Killed Beholder179's ghost
 26945 | Orc:2    | Entered Level 2 of the Orcish Mines
 27507 | Orc:2    | Found a staircase to the Elven Halls.
 27519 | Orc:2    | Found Ceulost's General Store.
 27877 | Orc:2    | Noticed an orc warlord
 27878 | Orc:2    | Found Eriplizu's Jewellery Shop.
 27882 | Orc:2    | Found Siyhad's Antique Armour Boutique.
 27933 | D:10     | Killed an orc warlord
 28364 | Orc:2    | Found Figuf's Antique Weapon Emporium.
 28612 | Orc:2    | Bought a cursed amulet of inaccuracy for 34 gold pieces
 28750 | Orc:2    | Bought a +4 amulet of reflection for 425 gold pieces
 28767 | Orc:2    | Bought a shimmering chain mail for 285 gold pieces
 28778 | Orc:2    | Identified the +2 chain mail of Sloth {MR+ Regen+ SInv} (You bought it in a shop on level 2 of the Orcish Mines)
 28824 | Orc:2    | Bought a scroll of remove curse for 30 gold pieces
 28824 | Orc:2    | Bought a potion of berserk rage for 50 gold pieces
 28824 | Orc:2    | Bought a scroll of fear for 35 gold pieces
 28824 | Orc:2    | Bought a scroll of fear for 35 gold pieces
 29190 | D:11     | Learned a level 1 spell: Apportation
 29699 | D:12     | Received a gift from Okawaru
 29700 | D:12     | Got a faintly glowing broad axe {god gift}
 29701 | D:12     | Identified the +4 broad axe "Luwou" {chop, Str+2} (Okawaru gifted it to you on level 12 of the Dungeon)
 29742 | D:12     | Got a spiked scale mail
 29753 | D:12     | Identified the +6 scale mail of Hedging {rElec rCorr Str-5 SInv} (You found it on level 12 of the Dungeon)
 30059 | D:12     | Reached XP level 15. HP: 105/132 MP: 21/21
 30445 | D:12     | Found a shadowy altar of Dithmenos.
 30636 | D:13     | Found a flagged portal.
 30656 | Bailey   | Entered a bailey
 30732 | Bailey   | Reached skill level 12 in Fighting
 31498 | D:14     | Reached skill level 15 in Polearms
 31603 | D:14     | Found a gate to the Vaults.
 31670 | D:14     | Received a gift from Okawaru
 31853 | D:14     | Noticed Frances
 31871 | D:14     | Killed Frances
 32130 | D:14     | Found Nepis's Armour Shop.
 32177 | D:14     | Found Suqeegga's Antique Armour Boutique.
 32490 | D:14     | Found Moyhenuy's General Store.
 32495 | D:14     | Bought a scroll of teleportation for 42 gold pieces
 32511 | D:15     | Entered Level 15 of the Dungeon
 32677 | D:15     | Reached skill level 10 in Armour
 32914 | D:15     | Found a staircase to the Depths.
 33227 | D:15     | Received a gift from Okawaru
 33288 | D:15     | Found a glowing silver altar of Zin.
 33356 | D:15     | Reached XP level 16. HP: 115/141 MP: 22/22
 33816 | Snake:1  | Entered Level 1 of the Snake Pit
 34149 | Snake:1  | Found Ivocres's Jewellery Emporium.
 34261 | Snake:1  | Got a jewelled chain mail
 34272 | Snake:1  | Identified the +3 chain mail of the Big Bang {+Blink Regen+ Int+3} (You found it on level 1 of the Snake Pit)
 35429 | Snake:1  | Reached skill level 13 in Fighting
 36490 | Snake:3  | Received a gift from Okawaru
 37799 | Snake:4  | Entered Level 4 of the Snake Pit
 37815 | Snake:4  | Reached skill level 14 in Fighting
 38070 | Snake:4  | Received a gift from Okawaru
 38120 | Snake:4  | Reached XP level 17. HP: 132/152 MP: 23/23
 39144 | Orc:2    | Bought the cursed +0 shield of Terror {*Contam +Inv rPois Regen+} for 141 gold pieces
 40401 | Snake:4  | Received a gift from Okawaru
 40428 | Snake:4  | Got an ancient trident {god gift}
 40429 | Snake:4  | Identified the +9 trident of the Other Side {holy, *Corrode +Inv rElec rPois} (Okawaru gifted it to you on level 4 of the Snake Pit)
 40493 | Snake:4  | Reached skill level 15 in Fighting
 40564 | Snake:4  | Got a serpentine rune of Zot
 40808 | Swamp:1  | Entered Level 1 of the Swamp
 40906 | Swamp:1  | Found an oddly glowing altar of Pakellas.
 41988 | Swamp:2  | Received a gift from Okawaru
 41992 | Swamp:2  | You are sucked into a shaft!
 42189 | Swamp:2  | Got a jewelled cloak {god gift}
 42200 | Swamp:2  | Identified the +3 cloak "Tuemosk" {rC+ Dex+3} (Okawaru gifted it to you on level 2 of the Swamp)
 42520 | Swamp:3  | Noticed a tentacled monstrosity
 42534 | Swamp:3  | Killed a tentacled monstrosity
 42979 | Swamp:4  | Entered Level 4 of the Swamp
 43114 | Swamp:4  | Reached XP level 18. HP: 166/166 MP: 24/24
 43683 | Swamp:4  | Reached skill level 16 in Fighting
 44108 | Swamp:4  | Noticed a bone dragon
 44136 | Swamp:4  | Killed a bone dragon
 44339 | Swamp:4  | Got a decaying rune of Zot
 44959 | Vaults:1 | Entered Level 1 of the Vaults
 45071 | Vaults:1 | Received a gift from Okawaru
 47083 | Vaults:2 | Received a gift from Okawaru
 47091 | Vaults:2 | Got a slimy plate armour {god gift}
 47114 | Vaults:2 | Identified the +10 plate armour of Darkness {*Contam rF+ rCorr SInv} (Okawaru gifted it to you on level 2 of the Vaults)
 47134 | Vaults:2 | Reached skill level 15 in Shields
 47414 | Vaults:2 | Reached skill level 17 in Fighting
 47608 | Vaults:2 | Reached XP level 19. HP: 118/177 MP: 25/25
 48587 | Vaults:2 | Noticed a bone dragon
 48597 | Vaults:2 | Killed a bone dragon
 48682 | Vaults:2 | Found a staircase to the Crypt.
 48976 | Vaults:2 | Received a gift from Okawaru
 48978 | Vaults:2 | Got a smelly ring mail {god gift}
 49009 | Vaults:2 | Identified the +1 ring mail of Cunkudd {*Confuse rPois Int+5} (Okawaru gifted it to you on level 2 of the Vaults)
 49229 | Vaults:3 | Noticed MrRokkomies's ghost (adept KoHu)
 49274 | Vaults:3 | Killed MrRokkomies's ghost
 50100 | Vaults:3 | Reached skill level 18 in Fighting
 50364 | Vaults:3 | Noticed Arkorax's ghost (adept MiGl)
 50391 | Vaults:3 | Killed Arkorax's ghost
 50471 | Vaults:3 | Received a gift from Okawaru
 50478 | Vaults:3 | Got a fine halberd {god gift}
 50515 | Vaults:3 | Identified the +4 halberd of Witolu {venom, Str+2 Int+2} (Okawaru gifted it to you on level 3 of the Vaults)
 51584 | Vaults:4 | Reached XP level 20. HP: 139/189 MP: 26/26
 52004 | Vaults:3 | Reached skill level 19 in Fighting
 52735 | Vaults:4 | Received a gift from Okawaru
 52739 | Vaults:4 | Got a bone trident {god gift}
 52746 | Vaults:4 | Identified the +5 trident of Conscience {holy, rF+ MP-9 Str+5} (Okawaru gifted it to you on level 4 of the Vaults)
 54390 | Elf:1    | Entered Level 1 of the Elven Halls
 54462 | Elf:1    | Noticed Asterion
 54491 | Elf:1    | Killed Asterion
 54834 | Elf:1    | Received a gift from Okawaru
 54928 | Elf:1    | Reached skill level 20 in Fighting
 54996 | Elf:1    | Identified Hutsoh's Almanac of the Escort (You found it on level 1 of the Elven Halls)
 55202 | Elf:1    | Identified the Compendium of Displacement (You found it on level 1 of the Elven Halls)
 55206 | Elf:1    | Learned a level 2 spell: Shroud of Golubria
 55462 | Elf:1    | Identified Qeliv's Compendium of Clay (You found it on level 1 of the Elven Halls)
 55687 | Elf:1    | Identified Piavacvuaru's Volume of the Oath
 56040 | Elf:2    | Received a gift from Okawaru
 56145 | Elf:2    | Received a gift from Okawaru
 56265 | Elf:2    | Killed from afar by a deep elf sorcerer

Vault maps used:
D:1:      dpeg_arrival_water_fire, hangedman_decor_points, st_stairs_7
D:2:      first_bread, minmay_misc_feat_hallway, uniq_terence
D:3:      yredelemnul_altar_generic, grunt_ministairs_15, bloody_trog,
          uniq_grinder
D:4:      enter_ossuary_2, kennysheep_decorative_pillar, uniq_edmund, uniq_pikel
D:5:      grunt_temple_overflow_champion_of_chaos, okawaru_trees_1,
          portal_sewer_entry_d
D:6:      lemuel_crystal_altar, serial_corexii_hall, corexii_hall_statues_x,
          corexii_hall_statues_x
D:7:      nicolae_gozag_seed_capital, evilmike_ruin_ashenzari, uniq_menkaure
D:8:      lemuel_ice_spiral_2, kiku_gazebo_pond_becter, dpeg_lair_monsters,
          hangedman_ranch
D:9:      serial_shops, nicolae_shop_statue_plus
D:10:     orc_0_dummy, minivault_23, fedhas_altar_2
D:11:     minmay_misc_feat_x, lemuel_flamethrower_2
D:12:     grunt_dithmenos_shadows
D:13:     enter_bailey_2
D:14:     david_vaults_2, serial_shops, kennysheep_little_box,
          nicolae_shop_crystal, nicolae_shop_overgrown_old_shop,
          hangedman_abyss_or_decor_slice, uniq_frances
D:15:     hangedman_depths_entry_civil_slaughter, zin_angel,
          hangedman_abyss_or_decor_passed
Lair:1:   lab_entry_generic
Lair:2:   serial_bayou_shore_a, grunt_megastairs_1, infiniplex_staircase_pool,
          serial_bayou_shore_b
Lair:3:   swamp_mist_pool, zaba_antful_of_joy
Lair:4:   dummy_snake_entry, st_stairs_12, beast_lair_carwin_9
Lair:5:   st_stairs_6, beast_lair_carwin_4
Lair:6:   evilmike_catoblepas_cave, nicolae_slime_entry_slimehenge
Swamp:1:  basic_altar
Swamp:2:  nicolae_swamp_trees_clearing
Swamp:3:  hangedman_swamp_ruin_wall, swamp_pool2
Swamp:4:  swamp_pestilence
Snake:1:  serial_shops, shop_fountains, nicolae_snake_single_loop
Snake:4:  minmay_snake_end_coiled
Orc:2:    grunt_orc_gardens, grunt_orc_garden, grunt_orc_garden,
          grunt_orc_garden, grunt_orc_garden
Elf:1:    eino_elf_arrival_sip, serial_hangedman_research,
          hangedman_research_geology, hangedman_research_quantum,
          hangedman_research_convocations, hangedman_research_probablistics,
          hangedman_elf_represent, uniq_asterion
Vaults:1: v_alt_pattern_1, vaults_room_hallway, dpeg_vaults_monster_box,
          vaults_room_stairs_pillars, vaults_room_stairs_pillars,
          vaults_dpeg_ring, st_lattice, ontoclasm_vaults_chip, v_misc_13
Vaults:2: nicolae_vaults_asterisk, v_misc_13, minmay_crypt_entry_nasty_monster,
          nicolae_vaults_good_morning_starshine, v_misc_30, vaults_room_fours,
          nicolae_vaults_network_periphery, vaults_room_door_hall, v_rooms_2,
          grunt_vaults_hallway_short, vaults_room_door_ring
Vaults:3: ontoclasm_vaults_ring_large, grunt_vaults_twisty, v_misc_16,
          nicolae_vaults_twisting_passages, v_misc_28, ontoclasm_vaults_spin,
          hangedman_vaults_stitches, ontoclasm_vaults_ring_square, v_rooms_6,
          nicolae_vaults_specimen_jars, v_misc_15,
          nicolae_vaults_little_squares_3
Vaults:4: nicolae_vaults_little_squares_5, nicolae_vaults_big_angled_halls,
          hangedman_vaults_capsules, v_alt_pattern_2, v_alt_pattern_4,
          ontoclasm_vaults_eye, grunt_vaults_bifocal,
          nicolae_vaults_little_squares_4, vaults_mumra_minichess_inversion,
          v_rooms_6, v_misc_14, nicolae_vaults_network_square,
          nicolae_vaults_little_ls
Lab:      labyrinth_watery, labyrinth_skeletal_remains
Sewer:    sewer_big_baddie
Ossuary:  ossuary_due_small_catacomb
Bailey:   bailey_axe_2, bailey

Skill      XL: |  1  2  3  4  5  6  7  8  9 10 11 12 13 14 15 16 17 18 19 20 |
---------------+-------------------------------------------------------------+-----
Polearms       | 2 3 4 6 7 8 10 11 12 13 14 15 16 | 16.0
Armour         | 3 4 5 6 7 8 9 10 11 12 13 14 | 14.1
Fighting       | 4 5 6 8 9 10 11 12 14 15 17 18 20 | 20.6
Shields        | 3 4 5 6 7 9 10 11 12 13 14 15 | 15.6
Invocations    | 3 6 7 9 |  9.0

Action                   |  1- 3 |  4- 6 |  7- 9 | 10-12 | 13-15 | 16-18 | 19-21 || total
-------------------------+-------+-------+-------+-------+-------+-------+-------++-------
Melee: Trident           |   149 |   203 |   705 |  1406 |   716 |  1432 |  1837 ||  6448
       Kick              |    22 |    38 |   166 |   427 |   753 |   971 |   905 ||  3282
       Falchion          |       |       |       |     3 |       |       |       ||     3
       Demon trident     |       |       |       |       |  1478 |  1046 |       ||  2524
Throw: Javelin           |       |       |       |       |     2 |       |       ||     2
Invok: Heroism           |       |       |     2 |     4 |     8 |     7 |     8 ||    29
       Finesse           |       |       |       |     2 |     5 |     5 |     5 ||    17
 Abil: Evoke Flight      |       |       |       |       |       |     2 |       ||     2
Evoke: Wand              |       |       |     4 |       |       |     1 |       ||     5
  Use: Scroll            |     3 |     5 |    20 |    10 |     4 |    14 |     4 ||    60
       Potion            |       |       |     2 |       |     1 |     2 |     1 ||     6
 Stab: Distracted        |       |     1 |       |       |     1 |       |       ||     2
       Paralysed         |       |       |    11 |       |       |       |       ||    11
       Petrified         |       |       |       |     8 |       |       |       ||     8
  Eat: Chunk             |     1 |     5 |    19 |    31 |    43 |    33 |    26 ||   158
       Bread ration      |       |       |     2 |     1 |       |       |       ||     3
       Meat ration       |       |       |     1 |       |       |       |       ||     1
       Royal jelly       |       |       |       |     1 |       |       |       ||     1
       Pizza             |       |       |       |     1 |       |     5 |       ||     6
Armor: Scale mail        |    79 |   122 |   208 |   146 |       |       |       ||   555
       Skin              |       |       |    38 |       |       |       |       ||    38
       Plate armour      |       |       |       |   435 |   494 |   107 |   324 ||  1360
       Chain mail        |       |       |       |       |   205 |   504 |       ||   709
Dodge: Dodged            |    23 |    33 |    68 |    93 |   134 |   149 |    84 ||   584
Block: Shield            |    72 |   108 |   247 |   565 |   983 |   880 |       ||  2855
       Reflection        |       |       |       |       |    53 |   121 |    98 ||   272
       Large shield      |       |       |       |       |       |   343 |   903 ||  1246
